 Dungeon Crawl Stone Soup version 0.29.0-4-gdea44cf6ec (webtiles) character file.

Game seed: 17081891238074480503

9 qw the Sneak (level 2, -1/19 HPs)
             Began as a Gargoyle Delver on Sept 10, 2022.
             Slain by an adder (2 damage)
             ... on level 5 of the Dungeon.
             The game lasted 00:00:02 (45 turns).

qw the Sneak (Gargoyle Delver)                        Turns: 45, Time: 00:00:03

Health: -1/19      AC:  5    Str: 15      XL:     2   Next: 12%
Magic:  2/2        EV: 11    Int: 10      God:
Gold:   17         SH:  0    Dex: 10 (11) Spells: 1/1 levels left

rFire   . . .      SeeInvis .   a - +0 hand axe
rCold   . . .      Faith    .   (no shield)
rNeg    + . .      Spirit   .   b - +0 leather armour
rPois   inf        Reflect  .   (no helmet)
rElec   +          Harm     .   (no cloak)
rCorr   .          Rampage  .   (no gloves)
Will    .....                   (no boots)
Stlth   +++.......              (no amulet)
HPRegen 0.06/turn               (no ring)
MPRegen 0.08/turn               (no ring)

@: no status effects
A: sickness immunity, AC +2, negative energy resistance 1, electricity
resistance, torment resistance 1, petrification resistance
a: no special abilities


You were on level 5 of the Dungeon.
You visited 1 branch of the dungeon, and saw 1 of its levels.

You collected 17 gold pieces.


Innate Abilities, Weirdness & Mutations

You are immune to sickness and miasma.
Your stone body is resilient. (AC +2)
You are immune to poison.
You resist negative energy. (rN+)
You are resistant to electric shocks. (rElec)
You are resistant to unholy torment.
You are immune to petrification.


   Skills:
 - Level 3.2 Fighting
 + Level 2.5 Axes
 - Level 1.5 Dodging
 - Level 5.4 Stealth


You had one spell level left.
You didn't know any spells.
Your spell library was empty.

Inventory:

Hand Weapons
 a - a +0 hand axe (weapon)
 h - a +0 whip
Armour
 b - a +0 leather armour (worn)
Wands
 g - a wand of digging (3)
Scrolls
 c - a scroll of fog
 d - a scroll of magic mapping
 e - a scroll of fear
Potions
 f - a potion of haste

Dungeon Overview and Level Annotations

Branches:
Dungeon (5/15)
 Temple: D:4-7

Altars:

Annotations:
D:5 Eustachio


Message History

The adder hisses angrily.
Eustachio the Magnificent comes into view.
He is wielding a +0 rapier.
You completely miss the adder. The adder misses you.
You closely miss the adder. The adder bites you but does no damage.
The adder completely misses you.
You barely miss the adder. The adder misses you. The adder bites you.
You hit the adder.
The adder is heavily wounded.
You barely miss the adder. The adder misses you.
The adder bites you but does no damage. The adder barely misses you.
You barely miss the adder.
The adder is heavily wounded.
You closely miss the adder. The adder bites you. x3
You slash the adder!
You kill the adder!
You hit the adder. The adder bites you. The adder bites you but does no damage.
Eustachio gestures wildly while chanting.
Your Axes skill increases to level 2!
You have reached level 2!
You closely miss the adder.
The adder is lightly wounded.
You miss the quasit. The adder bites you. The quasit barely misses you.
The quasit misses you. The quasit claws you.
You feel clumsy. The adder barely misses you.
You hit the adder.
The adder is moderately wounded.
You hit the quasit. x2; You barely miss Eustachio.
The quasit closely misses you.
The quasit claws you but does no damage. x2
The quasit bites you but does no damage.
The quasit claws you but does no damage.
The quasit barely misses you. Eustachio hits you with a +0 rapier!
The adder bites you.
You die...

.#........ .#..........
....... .............#
....... ...............
...... ............>.#
.....
>.............###...#
#.............##.5.#
#.[..............5.#
................@S.#..
................5@......
........................
#.....#............##...
#.....##..........## ..
#.....#...........# .
#....##.....##....#
#....#......####.##
##.##........# ##


You could see Eustachio, 2 quasits, an adder and a shadow imp (summoned).

Vanquished Creatures
  An adder (D:5)
1 creature vanquished.

Notes
Turn   | Place    | Note
-------+----------+-------------------------------------------
     0 | D:5      | qw the Gargoyle Delver began the quest for the Orb.
     0 | D:5      | Reached XP level 1. HP: 14/14 MP: 1/1
     0 | D:5      | 0 ||| qw: Version: 0.1-a-117-gfe26ee0
     0 | D:5      | 0 ||| qw: Game counter: 9797
     0 | D:5      | 0 ||| qw: Always use a shield: true
     0 | D:5      | 0 ||| qw: God list: Okawaru
     0 | D:5      | 0 ||| qw: Allow faded altars: false
     0 | D:5      | 0 ||| qw: Do Orc after D:15 true
     0 | D:5      | 0 ||| qw: Do second Lair branch before Depths: true
     0 | D:5      | 0 ||| qw: Lair rune preference: random
     0 | D:5      | 0 ||| qw: Plans: Normal
     0 | D:5      | 0 ||| PLANNING D:1-11
    37 | D:5      | Noticed Eustachio
    44 | D:5      | Reached XP level 2. HP: 10/19 MP: 2/2
    45 | D:5      | HP: 1/19 [Eustachio/+0 rapier (7)]
    45 | D:5      | Slain by an adder

Levels and vault maps discovered:
D:5:      layout_cave_pools, mainiacjoe_overflow_alcove_2,
          mainiacjoe_overflow_catwalk, minmay_temple_entry_wispy, dk_vineyard_2,
          uniq_eustachio

Skill      XL: |  1 |
---------------+----+-----
Axes           | 2 |  2.5
Fighting       | |  3.2
Dodging        | |  1.5
Stealth        | |  5.4

Action                   || total
-------------------------++-------
Melee: Hand axe          ||     8
Armor: Leather armour    ||     7
Dodge: Dodged            ||    10

Table legend:
 A = Non-vault XP
 B = Vault XP
 C = Vault XP percentage of total XP
 D = Non-vault monster count
 E = Vault monster count
 F = Vault count percentage of total count
                 A         B        C        D         E       F
            +---------+---------+-------+---------+---------+-------
      Total |      13 |       0 |   0.0 |       1 |       0 |   0.0
            +---------+---------+-------+---------+---------+-------
        D:5 |      13 |       0 |   0.0 |       1 |       0 |   0.0
            +---------+---------+-------+---------+---------+-------
